 Dungeon Crawl Stone Soup version 0.27-a0-951-gae3e1deef5 (webtiles) character file.

Game seed: 5863284493311142850

1526 Lanoc the Conjurer (level 8, -15/70 HPs)
             Began as a Black Draconian Wanderer on Apr 11, 2021.
             Was a Priest of Sif Muna.
             Demolished by a two-headed ogre
             ... wielding a +0 giant club
              (17 damage)
             ... on level 7 of the Dungeon.
             The game lasted 00:09:23 (6667 turns).

Lanoc the Conjurer (Black Draconian Wanderer)       Turns: 6667, Time: 00:09:23

Health: -15/70     AC:  6    Str: 17    XL:     8   Next: 54%
Magic:  9/12       EV: 13    Int: 20    God:    Sif Muna [***...]
Gold:   283        SH:  0    Dex:  9    Spells: 10/13 levels left

rFire    . . .     SeeInvis .   j - +3 falchion (drain)
rCold    . . .     Faith    .   (no shield)
rNeg     . . .     Spirit   .   (armour unavailable)
rPois    .         Reflect  .   (helmet restricted)
rElec    +         Harm     .   (no cloak)
rCorr    .         Rampage  .   (no gloves)
Will     .....                  (no boots)
Stlth    +.........             (no amulet)
HPRegen  0.21/turn              n - +6 ring of intelligence
MPRegen  0.13/turn              o - ring of wizardry

@: no status effects
A: breathe lightning, AC +6, unfitting armour, electricity resistance,
cold-blooded
a: Breathe Lightning, Renounce Religion, Channel Magic, Forget Spell


You were on level 7 of the Dungeon.
You worshipped Sif Muna.
Sif Muna was most pleased with you.
You visited 2 branches of the dungeon, and saw 8 of its levels.

You collected 283 gold pieces.

Inventory:

Hand Weapons
 j - a +3 falchion of draining (weapon)
Jewellery
 n - a +6 ring of intelligence (left hand)
 o - a ring of wizardry (right hand)
 p - a ring of positive energy
Wands
 m - a wand of flame (24)
Scrolls
 b - 9 scrolls of identify {unknown}
 e - a scroll of amnesia {unknown}
 f - 4 scrolls of teleportation {unknown}
 i - a scroll of enchant armour {unknown}
 k - a scroll of noise {unknown}
 q - a scroll of enchant weapon {unknown}
 r - a scroll of blinking {unknown}
 s - a scroll of magic mapping {unknown}
Potions
 a - 3 potions of heal wounds {unknown}
 c - 3 potions of curing
 d - 2 potions of might {unknown}
 g - a potion of ambrosia {unknown}
 h - 2 potions of flight {unknown}
 l - a potion of haste


   Skills:
 + Level 5.7 Fighting
 - Level 1.0 Throwing
 + Level 4.7 Dodging
 - Level 3.0 Spellcasting
 + Level 6.1 Conjurations
 - Level 2.0 Transmutations
 + Level 5.6 Invocations
 - Level 1.0 Evocations


You had 10 spell levels left.
You knew the following spells:

 Your Spells              Type           Power      Damage    Failure   Level
a - Magic Dart            Conj           100%       1d8       1%          1
b - Searing Ray           Conj           54%        3d5       1%          2

Your spell library contained the following spells:

 Spells                   Type           Power      Damage    Failure   Level
 Shock                    Conj/Air       60%        1d6       1%          1
 Sting                    Tmut/Pois      28%        1d4       4%          1
 Dazzling Flash           Conj/Hex       30%        N/A       4%          3
 Static Discharge         Conj/Air       15%        N/A       4%          3
 Corona                   Hex            3%         N/A       6%          1
 Summon Small Mammal      Summ           12%        N/A       6%          1
 Call Imp                 Summ           3%         N/A       9%          2
 Ensorcelled Hibernation  Hex/Ice        6%         N/A       9%          2
 Swiftness                Air            3%         N/A       9%          2
 Spider Form              Tmut/Pois      3%         N/A       12%         3
 Call Canine Familiar     Summ           3%         N/A       16%         3
 Confusing Touch          Hex            3%         N/A       16%         3
 Summon Guardian Golem    Hex/Summ       3%         N/A       16%         3
 Tukima's Dance           Hex            3%         N/A       16%         3
 Fulminant Prism          Conj/Hex       7%         3d7       16%         4
 Iskenderun's Mystic Bla  Conj/Tloc      15%        2d5       16%         4
 Lightning Bolt           Conj/Air       7%         1d20      41%         5
 Airstrike                Air            1%         N/A       45%         4
 Summon Ice Beast         Ice/Summ       3%         N/A       45%         4
 Summon Lightning Spire   Summ/Air       3%         N/A       45%         4


Dungeon Overview and Level Annotations

Branches:
Dungeon (7/15)             Temple (1/1) D:5

Altars:
Ashenzari
Cheibriados
Dithmenos
Elyvilon
Fedhas
Gozag
Hepliaklqana
Makhleb
Qazlal
Sif Muna
Uskayaw
Vehumet
Wu Jian
Yredelemnul
The Shining One

Annotations:
D:7 1 runed translucent door


Innate Abilities, Weirdness & Mutations

You can breathe wild blasts of lightning.
Your glossy black scales are hard. (AC +6)
You cannot fit into any form of body armour.
You are resistant to electric shocks. (rElec)
You are cold-blooded and may be slowed by cold attacks.


Message History

2 orcs come into view.
The orc shouts!
The orc moves out of view.
Casting: Searing Ray (safe; 1% risk of failure)
Confirm with . or Enter, or press ? or * to list all spells.
Aiming: Searing Ray (safe; 1% risk of failure)
Press: ? - help, Shift-Dir - straight line, f - orc
Aim: an orc, wielding a +0 trident (21% to evade)
The searing ray hits the orc!
You kill the orc!
Sif Muna accepts your kill. (Press . to maintain the ray.)
A two-headed ogre comes into view.
It is wielding a +0 giant club and a +0 dire flail of protection.
The two-headed ogre shouts in stereo!
You closely miss the orc.
Your tail-slap misses the orc.
The orc barely misses you.
Casting: Searing Ray (safe; 1% risk of failure)
Confirm with . or Enter, or press ? or * to list all spells.
Aiming: Searing Ray (safe; 1% risk of failure)
Press: ? - help, Shift-Dir - straight line, f - orc
Aim: an orc, wielding a +0 hand axe and wearing a +0 leather armour (21% to evade)
The searing ray hits the orc!
You kill the orc!
Sif Muna accepts your kill. (Press . to maintain the ray.)
The searing ray hits the two-headed ogre.
The two-headed ogre is lightly wounded.
The searing ray hits the two-headed ogre!
The two-headed ogre is moderately wounded.
The searing ray hits the two-headed ogre!
The two-headed ogre is moderately wounded.
You finish channeling your searing ray.
The two-headed ogre hits you with a +0 giant club!!
The two-headed ogre hits you with a +0 dire flail of protection!
There is a stone staircase leading down here.
There is a stone staircase leading down here.
The two-headed ogre hits you with a +0 giant club!!
* * * LOW HITPOINT WARNING * * *
The two-headed ogre hits you with a +0 dire flail of protection!
You die...

#.. #. #. #... ... .. ... ..
#' #.# .#
#.##.###########.###+#
#.....@...............
#..)..)O>.............
#..................... ..#####
#....##.....##........
.......##....##.....##........
...................##...#####
...........)......##...###.#
#...###...##....)..........
#...###...##.....##./......


You could see a two-headed ogre.

Vanquished Creatures
  Grinder (D:5)
  A necrophage (D:5)
  3 ogres
  2 centaurs (D:6)
  A phantom (D:4)
  A kobold brigand (D:6)
  A scorpion (D:5)
  A wyvern skeleton (D:7)
  A bullfrog skeleton (D:5)
  4 hounds
  A bullfrog zombie (D:5)
  2 jellies (D:4)
  An orc priest (D:4)
  A centaur skeleton (D:4)
  Jessica (D:2)
  Terence (D:2)
  An iguana (D:6)
  An orc wizard (D:4)
  4 gnolls (D:2)
  8 adders
  A white imp (D:5)
  2 ufetubi
  An adder skeleton (D:4)
  A worm (D:2)
  2 dart slugs
  5 orcs
  4 bats
  7 endoplasms
  2 giant cockroaches
  3 goblins
  3 hobgoblins
  5 kobolds
  2 quokkas (D:2)
  6 ball pythons
  3 frilled lizards
  2 jackal zombies (D:7)
  3 rats
89 creatures vanquished.

Notes
Turn   | Place    | Note
-------+----------+-------------------------------------------
     0 | D:1      | Lanoc the Draconian Wanderer began the quest for the Orb.
     0 | D:1      | Lanoc set off with the following items: a +0 club, a potion
                  | of curing; and the following spells available to memorise:
                  | Magic Dart, Searing Ray, Sting, Dazzling Flash, Spider
                  | Form, Fulminant Prism, Iskenderun's Mystic Blast
     0 | D:1      | Reached XP level 1. HP: 14/14 MP: 4/4
     2 | D:1      | Learned a level 1 spell: Magic Dart
   230 | D:1      | Found a faded altar of an unknown god.
   235 | D:1      | Became a worshipper of Sif Muna the Loreminder
   235 | D:1      | Reached * piety under Sif Muna
   569 | D:1      | Reached XP level 2. HP: 22/22 MP: 3/6
   710 | D:1      | Reached skill level 1 in Fighting
  1299 | D:2      | Reached skill level 1 in Dodging
  1299 | D:2      | Reached skill level 1 in Invocations
  1299 | D:2      | Reached XP level 3. HP: 28/28 MP: 0/7
  1393 | D:2      | Learned a level 2 spell: Searing Ray
  1798 | D:2      | Reached ** piety under Sif Muna
  1840 | D:2      | Reached XP level 4. HP: 25/36 MP: 1/8
  2101 | D:2      | Noticed Jessica
  2105 | D:2      | Killed Jessica
  2466 | D:2      | Noticed Terence
  2474 | D:2      | Killed Terence
  2475 | D:2      | Reached XP level 5. HP: 35/42 MP: 0/9
  3063 | D:3      | Reached skill level 4 in Conjurations
  3594 | D:4      | Found a radiant altar of Vehumet.
  3700 | D:4      | Noticed a phantom
  3711 | D:4      | Killed a phantom
  3712 | D:4      | Reached XP level 6. HP: 43/51 MP: 2/10
  3938 | D:4      | Found a white marble altar of Elyvilon.
  4233 | D:5      | Entered Level 5 of the Dungeon
  4438 | D:5      | Your scales start taking on a glossy black colour.
  4438 | D:5      | Reached XP level 7. HP: 46/58 MP: 3/11
  4438 | D:5      | Gained mutation: You are resistant to electric shocks.
                  | (rElec) [Black Draconian growth]
  4624 | D:5      | Found a staircase to the Ecumenical Temple.
  4627 | D:5      | Noticed Grinder
  4631 | Temple   | Entered the Ecumenical Temple
  4697 | Temple   | HP: 2/59 [poisoned by an adder]
  5182 | D:5      | Paralysed by Grinder for 5 turns
  5189 | D:5      | Paralysed by Grinder for 6 turns
  5196 | D:5      | Killed Grinder
  5197 | D:5      | Reached skill level 5 in Conjurations
  5404 | D:5      | Reached *** piety under Sif Muna
  5734 | D:5      | Reached XP level 8. HP: 67/67 MP: 6/12
  5804 | D:5      | Reached skill level 5 in Fighting
  6099 | D:6      | Reached skill level 5 in Invocations
  6414 | D:7      | Found a runed translucent door.
  6421 | D:7      | Found a basalt altar of Yredelemnul.
  6511 | D:7      | Reached skill level 6 in Conjurations
  6627 | D:7      | Noticed a two-headed ogre
  6667 | D:7      | HP: 2/70 [two-headed ogre/+0 giant club (30)]
  6667 | D:7      | Demolished by a two-headed ogre

Illustrated notes

Levels and vault maps discovered:
D:1:      dpeg_arrival_rooms_c, layout_basic, ebering_ecumenical_altar_hall
D:2:      layout_loops_corners, minivault_14, chequers_garden, uniq_terence,
          uniq_jessica
D:3:      layout_basic
D:4:      layout_rooms, chequers_temple_overflow_statue_of_worship
D:5:      layout_loops_ring, minmay_temple_entry_junction, uniq_grinder
D:6:      layout_rooms
D:7:      layout_gridville, dk_yredelemnul_ordeal, amcnicky_altar_gilded,
          minmay_strange_pillars
Temple:   minmay_temple_curvy_branch

Skill      XL: |  1  2  3  4  5  6  7  8 |
---------------+-------------------------+-----
Fighting       | 1 2 3 4 5 |  5.7
Dodging        | 1 2 3 4 |  4.7
Invocations    | 1 2 3 4 5 |  5.6
Conjurations   | 4 5 6 |  6.1
Throwing       | |  1.0
Spellcasting   | |  3.0
Transmutations | |  2.0
Evocations     | |  1.0

Action                   |  1- 3 |  4- 6 |  7- 9 || total
-------------------------+-------+-------+-------++-------
Melee: Club              |    18 |     8 |       ||    26
       Tailslap          |     2 |     3 |     3 ||     8
       Falchion          |       |     9 |    14 ||    23
 Cast: Magic Dart        |    68 |    42 |     9 ||   119
       Searing Ray       |     2 |    15 |    24 ||    41
 Abil: Breathe Lightning |       |       |     1 ||     1
  Use: Potion            |       |       |     1 ||     1
Armor: Skin              |    13 |    15 |    20 ||    48
Dodge: Dodged            |    27 |    27 |    37 ||    91
       Rpst.: Falchion   |       |     3 |     8 ||    11

Table legend: (Time is in decaauts)
 A = Elapsed time spent in this place.
 B = Non-inter-level travel time spent in this place.
 C = Inter-level travel time spent in this place.
 D = Time resting spent in this place.
 E = Time spent auto-exploring this place.
 F = Levels seen in this place.
 G = Mean time per level.
                   A        B        C        D        E       F      G
               +--------+--------+--------+--------+--------+-----+--------+
         Total |   6688 |   6552 |    136 |    251 |   5638 |   8 |  836.0 |
       Dungeon |   6175 |   6057 |    118 |    131 |   5274 |   7 |  882.1 |
        Temple |    512 |    494 |     18 |    120 |    364 |   1 |  512.0 |
               +--------+--------+--------+--------+--------+-----+--------+

Top non-repeatable levels by time:
     D:2: 1691 daAuts
     D:5: 1309 daAuts
     D:1: 1068 daAuts
     D:4: 835 daAuts
     D:3: 648 daAuts
  Temple: 512 daAuts
     D:7: 404 daAuts
     D:6: 218 daAuts
